Unix NetHack Version 3.7.0-71 Work-in-progress - last build Jan 31 2023 02:41:03 (7ba98a1283f2b7cec35fde026edb48fc825ab8ae,branch:master). Game began 2023-02-04 14:46:47, ended 2023-02-04 15:00:00. Gandelf, neutral male human Monk ---- .|..|--- ...^)..--.-- ..)...%.....| ....|.--......| ....<.---- -...-- ......-------..-- ...............| --......----..-- |......-- --.| |.------ --- ---[| ---- |.u.| --..| - --@.-----...----.. |.).*G..).....|..- -----...........- |..........-- --.|......-- ---- ..-- . Gandelf the Novice St:17 Dx:10 Co:14 In:11 Wi:14 Ch:9 Neutral S:1330 Dlvl:7 $:58 HP:0(35) Pw:31(31) AC:2 Xp:5/243 T:1759 Burdened Latest messages: A dart misses you. You are hit by a dart. You are almost hit by a dart. The gnome throws a dart! You are hit by a dart. You kill the gnome! You hear crashing rock. You have a little trouble lifting q - 10 darts (45 in total). You hear crashing rock. You kill the dwarf! You have a little trouble lifting o - a dagger. You have a little trouble lifting r - a dwarvish cloak. The hobbit wields a dagger! The hobbit thrusts his dagger. The hobbit hits! You kill the hobbit! The gnome swings his bow. The gnome hits! You kill the gnome! The gnome misses! You kill the gnome! You have a little trouble lifting Q - a bow. Your knapsack cannot accommodate any more items. You see here 5 arrows. The orc shaman picks up 2 green gems. You have a little trouble lifting o - a dagger (2 in total). The orc shaman casts a spell at you! Your brain is on fire! What do you want to drink? [efu or ?*] ? Never mind. You hit the orc shaman! The orc shaman points at you, then curses. You hit the orc shaman! The orc shaman points at you, then curses. You hit the orc shaman! The orc shaman turns to flee. The orc shaman picks up 2 green gems. You kill the orc shaman! You hear crashing rock. The pony kicks! The pony bites! The pony kicks! The pony misses! The pony kicks! You die... Do you want your possessions identified? [ynq] (y) y Do you want to see your attributes? [ynq] (y) y Do you want an account of creatures vanquished? [ynaq] (y) y Do you want to see your conduct and achievements? [ynq] (y) y Do you want to see the dungeon overview? [ynq] (y) y Inventory: Coins $ - 58 gold pieces Weapons Q - a +0 bow U - a +0 sling q - 45 +0 darts o - 2 +0 daggers J - a cursed +0 dagger l - a +0 orcish dagger v - a corroded +0 orcish dagger Armor a - an uncursed +2 pair of leather gloves (being worn) M - an uncursed +1 pair of iron shoes D - an uncursed +0 pair of iron shoes (being worn) r - an uncursed +0 dwarvish cloak E - an uncursed +0 dwarvish cloak G - an uncursed +0 dwarvish cloak N - an uncursed +0 dwarvish cloak V - an uncursed +0 dwarvish cloak Z - a cursed -1 dwarvish cloak b - an uncursed +1 robe (being worn) Comestibles h - 6 uncursed apples p - an uncursed apple g - 3 uncursed food rations X - an uncursed food ration j - 4 uncursed fortune cookies i - 5 uncursed oranges I - 2 uncursed sprigs of wolfsbane n - an uncursed egg Scrolls d - an uncursed scroll of create monster x - an uncursed scroll of enchant weapon w - an uncursed scroll of fire K - an uncursed scroll of remove curse Spellbooks m - an uncursed spellbook of detect monsters B - an uncursed spellbook of haste self c - a blessed spellbook of protection Potions u - a blessed potion of fruit juice e - an uncursed potion of water f - 2 uncursed potions of water Wands R - a wand of nothing (0:8) W - a wand of secret door detection (0:14) z - a wand of speed monster (0:5) Tools t - an uncursed magic lamp C - an uncursed oil lamp (lit) F - a +0 pick-axe O - a +0 pick-axe k - an uncursed skeleton key L - an uncursed tallow candle s - a cursed tallow candle A - a cursed tin whistle y - an uncursed moist towel Gems/Stones H - an uncursed obsidian stone Y - an uncursed worthless piece of green glass P - 3 uncursed worthless pieces of violet glass S - an uncursed worthless piece of yellowish brown glass T - an uncursed touchstone Gandelf the Monk's attributes: Background: You were a Novice, a level 5 male human Monk. You were neutral, nominally on a mission for Chih Sung-tzu who was opposed by Shan Lai Ching (lawful) and Huan Ti (chaotic). You were in the Gnomish Mines, on level 7. You entered the dungeon 1759 turns ago. You had 243 experience points, 77 more were needed to attain level 6. Your score was 1330 before end-of-game adjustments. Basics: You had 0 out of 35 hit points. You had all 31 energy points (spell power). Your armor class was 2. Your wallet contained 58 zorkmids. Autopickup was on for '$)?+!=/' plus thrown. Final Characteristics: Your strength was 17 (limit:18/100). Your dexterity was 10 (limit:18). Your constitution was 14 (limit:18). Your intelligence was 11 (limit:18). Your wisdom was 14 (limit:18). Your charisma was 9 (limit:18). Final Status: You were not hungry. You were burdened; movement was slightly slowed. You were empty handed. You had basic skill with martial arts. Final Attributes: You were devoutly aligned. You were sleep resistant. You were poison resistant. You saw invisible. You were stealthy. You were guarded. You were fast. You are dead. Miscellaneous: You never encountered a bones level. Total elapsed playing time was 13 minutes and 13 seconds. Major events: Turn 1: Gandelf the neutral male human Monk entered the dungeon 1295: entered the Gnomish Mines 1308: attained the rank of Novice (level 3) 1759: killed by a pony Vanquished creatures: an orc shaman a gnome leader 5 dwarves an iguana 2 hobbits 2 giant rats a yellow mold a green mold 13 gnomes a gecko 2 jackals a goblin 2 sewer rats 6 grid bugs 2 lichens 4 newts 45 creatures vanquished. No species were genocided or became extinct. Voluntary challenges: You followed a strict vegan diet. You were an atheist. You never hit with a wielded weapon. You were illiterate. You never engraved Elbereth. You never genocided any monsters. You never polymorphed an object. You never changed form. You used no wishes. Achievements: You entered the Gnomish Mines. You attained the rank of Novice. The Dungeons of Doom: levels 1 to 4 Level 1: Level 2: An altar. Level 3: Level 4: Stairs down to The Gnomish Mines. The Gnomish Mines: levels 5 to 7 Level 5: Level 6: Level 7: <- You were here. Final resting place for you, killed by a pony. Game over: ---------- / \ / REST \ / IN \ / PEACE \ / \ | Gandelf | | 58 Au | | killed by a pony | | | | | | | | 2023 | *| * * * | * _________)/\\_//(\/(/\)/\//\/|_)_______ Goodbye Gandelf the Monk... You died in The Gnomish Mines on dungeon level 7 with 1325 points, and 58 pieces of gold, after 1759 moves. You were level 5 with a maximum of 35 hit points when you died.